 Dungeon Crawl Stone Soup version 0.27.1 (webtiles) character file.

Game seed: 6493390049611496770

119 Urokeeper the Sneak (level 4, -4/34 HPs)
             Began as a Demonspawn Brigand on Aug 31, 2021.
             Slain by a gnoll (8 damage)
             ... on level 4 of the Dungeon.
             The game lasted 00:13:33 (2861 turns).

Urokeeper the Sneak (Demonspawn Brigand)            Turns: 2861, Time: 00:13:33

Health: -4/34      AC: 13    Str: 17    XL:     4   Next: 73%
Magic:  4/4        EV:  7    Int: 12    God:
Gold:   131        SH:  0    Dex: 16    Spells: 3/3 levels left

rFire    . . .     SeeInvis .   a - +2 dagger
rCold    . . .     Faith    .   (no shield)
rNeg     . . .     Spirit   .   j - +0 chain mail
rPois    .         Reflect  .   (no helmet)
rElec    .         Harm     .   c - +0 cloak
rCorr    .         Rampage  .   (no gloves)
Will     .....                  (no boots)
Stlth    ..........             s - amulet of the acrobat
HPRegen  0.11/turn              f - +6 ring of strength
MPRegen  0.09/turn              p - +4 ring of protection

@: no status effects
A: demonic guardian 2
a: no special abilities


You were on level 4 of the Dungeon.
You visited 1 branch of the dungeon, and saw 4 of its levels.

You collected 131 gold pieces.

Inventory:

Hand Weapons
 a - a +2 dagger (weapon)
Missiles
 d - 30 poisoned darts (quivered)
 m - 9 boomerangs
Armour
 b - a +0 robe
 c - a +0 cloak (worn)
 j - a +0 chain mail (worn)
Jewellery
 f - a +6 ring of strength (left hand)
 p - a +4 ring of protection (right hand)
 s - an amulet of the acrobat (around neck)
Scrolls
 h - a scroll of fog {unknown}
 i - 2 scrolls of teleportation
 o - a scroll of magic mapping
 q - a scroll of brand weapon
Potions
 g - 2 potions of attraction {unknown}
 k - 4 potions of curing {unknown}
 l - a potion of resistance {unknown}
 n - a potion of brilliance {unknown}
 r - a potion of degeneration {unknown}


   Skills:
 + Level 2.8 Fighting
 + Level 2.7 Short Blades
 + Level 1.8 Throwing
 + Level 1.8 Armour
 + Level 1.1 Dodging
 + Level 4.2 Stealth


You had 3 spell levels left.
You didn't know any spells.
Your spell library contained the following spells:

 Spells                   Type           Power      Damage    Failure   Level
 Sting                    Tmut/Pois      0%         1d3       99%         1
 Sublimation of Blood     Necr           0%         N/A       100%        2
 Wereblood                Tmut           0%         N/A       100%        2
 Dragon Form              Tmut           0%         N/A       100%        7
 Summon Hydra             Summ           0%         N/A       100%        7
 Lehudib's Crystal Spear  Conj/Erth      0%         10d2      100%        8


Dungeon Overview and Level Annotations

Branches:
Dungeon (4/15)
 Temple: D:4-7

Altars:
Yredelemnul

Shops:
D:1 =   D:2 *

Annotations:
D:3 Sigmund


Innate Abilities, Weirdness & Mutations

A demonic guardian rushes to your aid.


Message History

The gnoll barely misses you.
You hit the gnoll.
The gnoll is severely wounded.
The gnoll hits you but does no damage.
You hit the gnoll.
The gnoll is almost dead.
The gnoll hits you with a +0 flail.
You hit the gnoll.
You kill the gnoll!
Things that are here:
a +0 flail; a +0 spear A gnoll comes into view.
It is wielding a +0 flail.
Things that are here:
a +0 flail; a +0 spear You start resting.
A gnoll is nearby!
Throw: 31 darts (poison)
Press: ? - help, Q - select action, (/) - cycle Shift-Dir - straight line, f - gnoll
Aim: a gnoll, wielding a +2 vorpal flail and quivering 2 throwing nets (63% to hit)
You throw a poisoned dart. The poisoned dart hits the gnoll.
The gnoll is poisoned.
The gnoll throws a throwing net.
The throwing net hits you.
You become entangled in the net!
You tear a large gash into the net.
You struggle against the net.
You struggle against the net.
The gnoll barely misses you.
You shred the net and break free! The gnoll barely misses you.
You hit the gnoll.
The gnoll is moderately wounded.
The gnoll hits you with a +2 vorpal flail!
A demonic guardian appears!
You hit the gnoll but do no damage.
The gnoll is heavily wounded.
The gnoll hits you with a +2 vorpal flail!
* * * LOW HITPOINT WARNING * * *
x2 You hit the gnoll.
The gnoll is almost dead.
Your orange demon barely misses the gnoll.
The gnoll hits you with a +2 vorpal flail!
You die...

###...###..#
#######...###..#
...........#...#
...........#...#
...........#...#
...........#...#
#'#####..#
############+###4....+.###
.........g.....#@###.#...#
...............#g# #.#...#
...............#)###.#...#
.............g.'.....#...#
#######+##+#########'#.###
#...# #####


You could see a gnoll (poisoned, ally target) and a friendly orange demon
(summoned).

Vanquished Creatures
  2 gnolls (D:4)
  4 adders
  A worm (D:2)
  2 dart slugs
  4 orcs (D:2)
  2 bats
  7 endoplasms
  6 goblins
  3 hobgoblins
  A jackal (D:2)
  5 ball pythons
  3 frilled lizards
  10 kobolds
  A rat (D:2)
51 creatures vanquished.

Vanquished Creatures (collateral kills)
  A frilled lizard (D:2)
1 creature vanquished.

Vanquished Creatures (others)
  A plant (D:3)
1 creature vanquished.

Grand Total: 53 creatures vanquished

Notes
Turn   | Place    | Note
-------+----------+-------------------------------------------
     0 | D:1      | Urokeeper the Demonspawn Brigand began the quest for the
                  | Orb.
     0 | D:1      | Reached XP level 1. HP: 16/16 MP: 1/1
   514 | D:1      | Reached skill level 4 in Stealth
   515 | D:1      | Gained mutation: A weak demonic guardian rushes to your
                  | aid. [demonic ancestry]
   515 | D:1      | Reached XP level 2. HP: 22/22 MP: 2/2
   645 | D:1      | Found Honydgh's Jewellery Shoppe.
  1313 | D:2      | Gained mutation: A demonic guardian rushes to your aid.
                  | [demonic ancestry]
  1313 | D:2      | Reached XP level 3. HP: 26/27 MP: 3/3
  1316 | D:2      | Reached skill level 1 in Dodging
  1428 | D:2      | Reached skill level 1 in Armour
  1545 | D:2      | Found a basalt altar of Yredelemnul.
  1607 | D:2      | Got the Guide on Earth and Transmigration
  1829 | D:2      | Found Hyleh's General Store.
  2132 | D:3      | Reached XP level 4. HP: 34/34 MP: 4/4
  2251 | D:3      | Found a faded altar of an unknown god.
  2554 | D:3      | Noticed Sigmund
  2650 | D:4      | Noticed an ogre
  2861 | D:4      | Slain by a gnoll

Illustrated notes

Levels and vault maps discovered:
D:1:      sevenhm_arrival_forest_fort_small_4, layout_loops_cross, serial_shops,
          shop, minmay_fountain_box, minmay_pentomino_t2
D:2:      layout_loops_ring, basic_altar, serial_shops, shop, minmay_puff
D:3:      layout_basic, dreamdust_ecumenical_altar_grove, minmay_vboxes,
          uniq_sigmund
D:4:      layout_gridville, minmay_misc_feat_encased

Skill      XL: |  1  2  3 |
---------------+----------+-----
Stealth        | 4 |  4.2
Dodging        | 1 |  1.1
Short Blades   | 2 |  2.7
Armour         | 1 |  1.8
Fighting       | |  2.8
Throwing       | |  1.8

Action                   |  1- 3 |  4- 6 || total
-------------------------+-------+-------++-------
Melee: Dagger            |   136 |    64 ||   200
Throw: Dart              |       |     3 ||     3
  Use: Scroll            |     3 |     2 ||     5
 Stab: Sleeping          |     1 |       ||     1
Armor: Chain mail        |    67 |    26 ||    93
       Robe              |     1 |       ||     1
Dodge: Dodged            |    35 |    23 ||    58
